Workbook
Name \0: #REF!
Name _______ACT995: #REF!
Name ______ACT995: #REF!
Name _____ACT995: #REF!
Name ____ACT995: #REF!
Name ____N4: #REF!
Name ____N6: #REF!
Name ____SUM1: #N/A
Name ____SUM2: #REF!
Name ____SUM3: #REF!
Name ___ACT995: #REF!
Name ___N4: #REF!
Name ___N6: #REF!
Name ___SUM1: #N/A
Name ___SUM2: #REF!
Name ___SUM3: #REF!
Name __ACT995: #REF!
Name __d2: #REF!
Name __N4: #REF!
Name __N6: #REF!
Name __SUM1: #N/A
Name __SUM2: #REF!
Name __SUM3: #REF!
Name _0001: #REF!
Name _0002: #REF!
Name _0010: #REF!
Name _0010AP: #REF!
Name _0015: #REF!
Name _0015AP: #REF!
Name _0020: #REF!
Name _0020AP: #REF!
Name _0050: #REF!
Name _0050AP: #REF!
Name _0070: #REF!
Name _0070AP: #REF!
Name _0071: #REF!
Name _0071AP: #REF!
Name _0072: #REF!
Name _0073: #REF!
Name _0073AP: #REF!
Name _0075: #REF!
Name _0075AP: #REF!
Name _0076: #REF!
Name _0077: #REF!
Name _0077AP: #REF!
Name _0078: #REF!
Name _0078AP: #REF!
Name _0078AP2: #REF!
Name _0078AP3: #REF!
Name _0079: #REF!
Name _0079AP: #REF!
Name _0080: #REF!
Name _0080AP: #REF!
Name _0081: #REF!
Name _0081AP: #REF!
Name _0082: #REF!
Name _0090: #REF!
Name _0090AP: #REF!
Name _0110: #REF!
Name _0110AP: #REF!

Sheet Direct Labour Capitalization
A1: Appendix
A2: Account 1508 Sub-account - Direct Labour Capitalization Changes
A3: Impact resulting from Direct Labour Capitalization Changes
B8: 2025 | C8: 2026
A9: Reporting Basis | B9: MIFRS | C9: MIFRS
B10: Forecast | C10: Forecast
B11: $ | C11: $
A12: Capital Budget under Old DLC Rates
A13: Division
A14: Asset Strategy | B14: =+'2025F'!K3 -> 5952165.7 | C14: =+'2026F'!K3 -> 6576686.7
A15: Customer Service | B15: =+'2025F'!K4 -> 1129462 | C15: =+'2026F'!K4 -> 1168241.4
A16: Network Metering | B16: =+'2025F'!K5 -> 2302778.2 | C16: =+'2026F'!K5 -> 3010055.3
A17: Operations | B17: =+'2025F'!K6 -> 10127092 | C17: =+'2026F'!K6 -> 13657359
A18: Total | B18: =SUM(B13:B17) -> 19511497 | C18: =SUM(C14:C17) -> 24412342
A20: Capital Budget under New DLC Rates
A21: =A13 -> Division
A22: Asset Strategy | B22: =+'2025F'!L3 -> 7215158 | C22: =+'2026F'!L3 -> 7733323.2
A23: Customer Service | B23: =+'2025F'!L4 -> 825791.9 | C23: =+'2026F'!L4 -> 856140.25
A24: Network Metering | B24: =+'2025F'!L5 -> 3470082.9 | C24: =+'2026F'!L5 -> 4135122.2
A25: Operations | B25: =+'2025F'!L6 -> 13706831 | C25: =+'2026F'!L6 -> 17020649
A26: Total | B26: =SUM(B21:B25) -> 25217864 | C26: =SUM(C22:C25) -> 29745235
A28: Difference in Capital Budget | B28: =B18-B26 -> -5706366.8 | C28: =C18-C26 -> -5332892.8
A30: Effect on Deferral and Variance Account Rate Riders
A31: Closing balance in Account 1508 Sub-account - Direct Labour Capitalization Changes | D31: =SUM(B28:C28) -> -11039260 | F31: Return on capital | G31: 0.061
A32: Return on Rate Base Associated with Account 1508 Sub-account - Direct Labour Capitalization Changes balance at return on capital | D32: =D31*G31*1 -> -673394.84 | E32: # of years of rate rider disposition period | G32: 1
A33: Amount included in Deferral and Variance Account Rate Rider Calculation | D33: =D31+D32 -> -11712654

Sheet Breakdown by Rate Zone
A1: Closing balance in Account 1508 Sub-account - Direct Labour Capitalization Changes
A3: Rate Zone | B3: Closing Principal Balance as of Dec-31-25 | C3: Principal-Projected Transactions during 2026 | D3: Closing Principal Balance as of Dec-31-26
A4: BRZ | B4: -0.88130871 | C4: -0.92762938 | D4: -1.8089381
A5: ERZ | B5: -1.4581999 | C5: -1.5348414 | D5: -2.9930413
A6: GRZ | B6: -0.34222412 | C6: -0.36021106 | D6: -0.70243518
A7: HRZ | B7: -1.1026624 | C7: -1.1606172 | D7: -2.2632796
A8: PRZ | B8: -1.9219719 | C8: -2.0229887 | D8: -3.9449606
B9: =SUM(B4:B8) -> -5.706367 | C9: =SUM(C4:C8) -> -6.0062877 | D9: =SUM(D4:D8) -> -11.712655
DP68: =DY68/1000000 -> 0

Sheet 2025F
A1: Table 1: Breakdown by Business Unit | J1: Table 2: Summary by Division
A2: Division | B2: Business Unit | C2: 2025 Labour Pool Forecast | D2: Previous Capitalization % | E2: 2025 Forecasting using previous % (Capital $) | F2: Recommended Study Capitalization % | G2: 2025 Forecast Study Results (Capital $) | H2: Variance | J2: Division | K2: Capital Budget under Old DLC Rates | L2: Capital Budget under New DLC Rates
A3: Asset Strategy | B3: Asset Sustainment | C3: 1170651.6 | D3: =+E3/C3 -> 0.84293029 | E3: 986777.71 | F3: =+IFERROR(G3/C3,0) -> 0.78591146 | G3: 920028.53 | H3: =+G3-E3 -> -66749.18 | J3: Asset Strategy | K3: =SUMIF(A:A,J3,E:E) -> 5952165.7 | L3: =SUMIF(A:A,J3,G:G) -> 7215158
A4: Asset Strategy | B4: Capital Investment Planning | C4: 666609.11 | D4: =+E4/C4 -> 0.8 | E4: 533287.29 | F4: =+IFERROR(G4/C4,0) -> 0.99128201 | G4: 660797.62 | H4: =+G4-E4 -> 127510.33 | J4: Customer Service | K4: =SUMIF(A:A,J4,E:E) -> 1129462 | L4: =SUMIF(A:A,J4,G:G) -> 825791.9
A5: Asset Strategy | B5: Customer Capital | C5: 1037751.2 | D5: =+E5/C5 -> 0.7 | E5: 726425.83 | F5: =+IFERROR(G5/C5,0) -> 0.69859077 | G5: 724963.4 | H5: =+G5-E5 -> -1462.4271 | J5: Network Metering | K5: =SUMIF(A:A,J5,E:E) -> 2302778.2 | L5: =SUMIF(A:A,J5,G:G) -> 3470082.9
A6: Asset Strategy | B6: Distribution Standards | C6: 1822304.7 | D6: =+E6/C6 -> 0 | E6: 0 | F6: =+IFERROR(G6/C6,0) -> 0.14838757 | G6: 270407.35 | H6: =+G6-E6 -> 270407.35 | J6: Operations | K6: =SUMIF(A:A,J6,E:E) -> 10127092 | L6: =SUMIF(A:A,J6,G:G) -> 13706831
A7: Customer Service | B7: Key Accounts/New Connections | C7: 1568697.2 | D7: =+E7/C7 -> 0.72 | E7: 1129462 | F7: =+IFERROR(G7/C7,0) -> 0.52641894 | G7: 825791.9 | H7: =+G7-E7 -> -303670.06 | K7: =SUM(K3:K6) -> 19511497 | L7: =SUM(L3:L6) -> 25217864
A8: Asset Strategy | B8: Layouts and ICI | C8: 1713891.4 | D8: =+E8/C8 -> 0.65258159 | E8: 1118454 | F8: =+IFERROR(G8/C8,0) -> 0.9 | G8: 1542502.3 | H8: =+G8-E8 -> 424048.3
A9: Network Metering | B9: Network Metering | C9: 4816242.8 | D9: =+E9/C9 -> 0.47812751 | E9: 2302778.2 | F9: =+IFERROR(G9/C9,0) -> 0.72049585 | G9: 3470082.9 | H9: =+G9-E9 -> 1167304.8
A10: Operations | B10: OH Mtce & Construction Central - North | C10: 1129727.1 | D10: =+E10/C10 -> 0.57190601 | E10: 646097.72 | F10: =+IFERROR(G10/C10,0) -> 0.52552052 | G10: 593694.76 | H10: =+G10-E10 -> -52402.951
A11: Operations | B11: OH Mtce & Construction Central - South | C11: 1958623.3 | D11: =+E11/C11 -> 0.6 | E11: 1175174 | F11: =+IFERROR(G11/C11,0) -> 0.55647745 | G11: 1089929.7 | H11: =+G11-E11 -> -85244.291
A12: Operations | B12: OH Mtce & Construction East - North | C12: 750557.19 | D12: =+E12/C12 -> 0.58 | E12: 435323.17 | F12: =+IFERROR(G12/C12,0) -> 0.64955875 | G12: 487530.99 | H12: =+G12-E12 -> 52207.82
A13: Operations | B13: OH Mtce & Construction East - South | C13: 2120344.9 | D13: =+E13/C13 -> 0.62 | E13: 1314613.8 | F13: =+IFERROR(G13/C13,0) -> 0.3986608 | G13: 845298.4 | H13: =+G13-E13 -> -469315.44
A14: Operations | B14: OH Mtce & Construction SouthWest - Guelph | C14: 736674.59 | D14: =+E14/C14 -> 0.5 | E14: 368337.29 | F14: =+IFERROR(G14/C14,0) -> 0.44752814 | G14: 329682.61 | H14: =+G14-E14 -> -38654.683
A15: Operations | B15: OH Mtce & Construction West - St. Catharines | C15: 719818.62 | D15: =+E15/C15 -> 0.63 | E15: 453485.73 | F15: =+IFERROR(G15/C15,0) -> 0.65818095 | G15: 473770.9 | H15: =+G15-E15 -> 20285.169
A16: Operations | B16: OH Mtce & Construction West Hamilton | C16: 1635597.5 | D16: =+E16/C16 -> 0.63 | E16: 1030426.4 | F16: =+IFERROR(G16/C16,0) -> 0.54115632 | G16: 885113.94 | H16: =+G16-E16 -> -145312.5
A17: Asset Strategy | B17: Planned Capital | C17: 1605032 | D17: =+E17/C17 -> 0.6204719 | E17: 995877.28 | F17: =+IFERROR(G17/C17,0) -> 0.82967425 | G17: 1331653.8 | H17: =+G17-E17 -> 335776.47
A18: Operations | B18: Program Delivery | C18: 1942067.9 | D18: =+E18/C18 -> 0.55426804 | E18: 1076426.1 | F18: =+IFERROR(G18/C18,0) -> 0.43265563 | G18: 840246.58 | H18: =+G18-E18 -> -236179.56
A19: Operations | B19: Protection and Control | C19: 717609.95 | D19: =+E19/C19 -> 0.313 | E19: 224611.92 | F19: =+IFERROR(G19/C19,0) -> 0.2136491 | G19: 153316.72 | H19: =+G19-E19 -> -71295.194
... A26: Asset Strategy | B26: System Planning & Optimization | C26: 1241977.6 | D26: =+E26/C26 -> 0.75 | E26: 931483.23 | F26: =+IFERROR(G26/C26,0) -> 0.85053016 | G26: 1056339.4 | H26: =+G26-E26 -> 124856.21

Sheet 2026F
A1: Table 1: Breakdown by Business Unit | J1: Table 2: Summary by Division
A2: Division | B2: Business Unit | C2: 2026 Labour Pool Forecast | D2: Previous Capitalization % | E2: 2026 Forecasting using previous % (Capital $) | F2: Recommended Study Capitalization % | G2: 2026 Forecast Study Results (Capital $) | H2: Variance | J2: Division | K2: Capital Budget under Old DLC Rates | L2: Capital Budget under New DLC Rates
A3: Asset Strategy | B3: Asset Sustainment | C3: 1301556.5 | D3: =+E3/C3 -> 0.83698946 | E3: 1089389.1 | F3: =+G3/C3 -> 0.78710546 | G3: 1024462.2 | H3: =+G3-E3 -> -64926.849 | J3: Asset Strategy | K3: =SUMIF(A:A,J3,E:E) -> 6576686.7 | L3: =SUMIF(A:A,J3,G:G) -> 7733323.2
A4: Asset Strategy | B4: Capital Investment Planning | C4: 973647.03 | D4: =+E4/C4 -> 0.8 | E4: 778917.63 | F4: =+G4/C4 -> 0.98876596 | G4: 962709.04 | H4: =+G4-E4 -> 183791.41 | J4: Customer Service | K4: =SUMIF(A:A,J4,E:E) -> 1168241.4 | L4: =SUMIF(A:A,J4,G:G) -> 856140.25
A5: Asset Strategy | B5: Customer Capital | C5: 1396359.2 | D5: =+E5/C5 -> 0.7 | E5: 977451.46 | F5: =+G5/C5 -> 0.69283094 | G5: 967440.88 | H5: =+G5-E5 -> -10010.584 | J5: Network Metering | K5: =SUMIF(A:A,J5,E:E) -> 3010055.3 | L5: =SUMIF(A:A,J5,G:G) -> 4135122.2
A6: Asset Strategy | B6: Distribution Standards | C6: 2030700.8 | D6: =+E6/C6 -> 0 | E6: 0 | F6: =+G6/C6 -> 0.13238892 | G6: 268842.29 | H6: =+G6-E6 -> 268842.29 | J6: Operations | K6: =SUMIF(A:A,J6,E:E) -> 13657359 | L6: =SUMIF(A:A,J6,G:G) -> 17020649
A7: Customer Service | B7: Key Accounts/New Connections | C7: 1622557.5 | D7: =+E7/C7 -> 0.72 | E7: 1168241.4 | F7: =+G7/C7 -> 0.52764862 | G7: 856140.25 | H7: =+G7-E7 -> -312101.17 | K7: =SUM(K3:K6) -> 24412342 | L7: =SUM(L3:L6) -> 29745235
A8: Asset Strategy | B8: Layouts and ICI | C8: 2339894.1 | D8: =+E8/C8 -> 0.7 | E8: 1637925.8 | F8: =+G8/C8 -> 0.9 | G8: 2105904.7 | H8: =+G8-E8 -> 467978.81
A9: Network Metering | B9: Network Metering | C9: 5694132.7 | D9: =+E9/C9 -> 0.52862402 | E9: 3010055.3 | F9: =+G9/C9 -> 0.72620756 | G9: 4135122.2 | H9: =+G9-E9 -> 1125066.9
A10: Operations | B10: OH Mtce & Construction Central - North | C10: 1453838.5 | D10: =+E10/C10 -> 0.56882209 | E10: 826975.43 | F10: =+G10/C10 -> 0.53831364 | G10: 782621.07 | H10: =+G10-E10 -> -44354.354
A11: Operations | B11: OH Mtce & Construction Central - South | C11: 2528962.5 | D11: =+E11/C11 -> 0.56796685 | E11: 1436366.8 | F11: =+G11/C11 -> 0.55308014 | G11: 1398718.9 | H11: =+G11-E11 -> -37647.921
A12: Operations | B12: OH Mtce & Construction East - North | C12: 851008.9 | D12: =+E12/C12 -> 0.54216776 | E12: 461389.59 | F12: =+G12/C12 -> 0.65320637 | G12: 555884.43 | H12: =+G12-E12 -> 94494.845
A13: Operations | B13: OH Mtce & Construction East - South | C13: 2519948.8 | D13: =+E13/C13 -> 0.59784982 | E13: 1506551 | F13: =+G13/C13 -> 0.38244213 | G13: 963734.6 | H13: =+G13-E13 -> -542816.35
A14: Operations | B14: OH Mtce & Construction SouthWest - Guelph | C14: 842517.11 | D14: =+E14/C14 -> 0.47400938 | E14: 399361.01 | F14: =+G14/C14 -> 0.4487506 | G14: 378080.06 | H14: =+G14-E14 -> -21280.953
A15: Operations | B15: OH Mtce & Construction West - St. Catharines | C15: 855506.71 | D15: =+E15/C15 -> 0.59186016 | E15: 506340.34 | F15: =+G15/C15 -> 0.65851745 | G15: 563366.1 | H15: =+G15-E15 -> 57025.762
A16: Operations | B16: OH Mtce & Construction West Hamilton | C16: 2098699.5 | D16: =+E16/C16 -> 0.59857708 | E16: 1256233.4 | F16: =+G16/C16 -> 0.542544 | G16: 1138636.8 | H16: =+G16-E16 -> -117596.59
A17: Asset Strategy | B17: Planned Capital | C17: 1934608.8 | D17: =+E17/C17 -> 0.7 | E17: 1354226.1 | F17: =+G17/C17 -> 0.83120293 | G17: 1608052.5 | H17: =+G17-E17 -> 253826.34
A18: Operations | B18: Program Delivery | C18: 2534638.1 | D18: =+E18/C18 -> 0.57348218 | E18: 1453569.8 | F18: =+G18/C18 -> 0.45785318 | G18: 1160492.1 | H18: =+G18-E18 -> -293077.66
A19: Operations | B19: Protection and Control | C19: 861454.43 | D19: =+E19/C19 -> 0.29760125 | E19: 256369.92 | F19: =+G19/C19 -> 0.21407515 | G19: 184415.98 | H19: =+G19-E19 -> -71953.933
... A26: Operations | B26: System Planning & Optimization | C26: 1343393.6 | D26: =+E26/C26 -> 0.75 | E26: 1007545.2 | F26: =+G26/C26 -> 0.8404798 | G26: 1129095.2 | H26: =+G26-E26 -> 121549.99
